 Dungeon Crawl Stone Soup version 0.17-a0-649-g87edefa (webtiles) character file.

128 xeno23 the Skirmisher (level 4, -4/37 HPs)
             Began as a Demonspawn Abyssal Knight on Apr 17, 2015.
             Was a Believer of Lugonu.
             Killed by divine providence
             ... invoked by an orc priest
              (11 damage)
             ... on level 3 of the Dungeon.
             The game lasted 00:10:49 (3091 turns).

xeno23 the Skirmisher (Demonspawn Abyssal Knight)   Turns: 3091, Time: 00:10:49

Health: -4/37      AC:  6    Str: 14    XL:     4   Next: 87%
Magic:  4/6        EV: 11    Int: 13    God:    Lugonu [**....]
Gold:   129        SH:  0    Dex: 12    Spells: 0 memorised, 3 levels left

rFire  . . .     SeeInvis .     a - +1 falchion
rCold  . . .     Clarity  .     A - +0 ring mail
rNeg   . . .     SustAb   .     (no shield)
rPois  .         Gourm    .     (helmet restricted)
rElec  .         Spirit   .     (no cloak)
rCorr  .         Warding  .     x - +0 pair of gloves (curse)
rMut   .         Stasis   .     (no boots)
MR     .....                    (no amulet)
Stlth  +.........               (no ring)
                                (no ring)

@: not resistant to hostile enchantments, very unstealthy
A: horns 1, rot immunity
a: Depart the Abyss, Bend Space, Renounce Religion


You were on level 3 of the Dungeon.
You worshipped Lugonu.
Lugonu was pleased with you.
You were not hungry.

You visited 1 branch of the dungeon, and saw 4 of its levels.
You visited the Abyss 1 time.

You collected 129 gold pieces.

Inventory:

Hand weapons
 a - a +1 falchion (weapon)
 z - a +0 trident
 C - a +0 hunting sling
 E - a +0 blowgun
 H - a +0 whip of pain
Missiles
 e - 122 stones (quivered)
 f - 35 sling bullets
 k - 30 poisoned needles
Armour
 b - a +0 leather armour
 x - a cursed +0 pair of gloves (worn)
 A - a +0 ring mail (worn)
Scrolls
 d - 4 scrolls of identify {unknown}
 h - 3 scrolls of remove curse {unknown}
 i - 2 scrolls of noise {unknown}
 l - a scroll of random uselessness {unknown}
 m - 2 scrolls of fear {unknown}
 o - a scroll of enchant armour {unknown}
 q - a scroll of blinking {unknown}
 r - 2 scrolls of teleportation {unknown}
 u - 2 scrolls of recharging {unknown}
 w - a scroll of fog {unknown}
 y - 2 scrolls of enchant weapon {unknown}
Potions
 n - a potion of magic {unknown}
 p - a potion of might
 s - a potion of brilliance {unknown}
 t - a potion of heal wounds {unknown}
 v - a potion of invisibility {unknown}
 B - a potion of restore abilities {unknown}
 D - a potion of beneficial mutation {unknown}
Books
 F - a book of Debilitation

   Spells                             Type                      Level
   a - Corona                         Hexes                        1
   b - Slow                           Hexes                        2
   c - Gell's Gravitas                Hexes/Translocation          3
   d - Inner Flame                    Hexes/Fire                   3
   e - Cause Fear                     Hexes                        4
   f - Leda's Liquefaction            Hexes/Earth                  4
Comestibles
 c - 3 bread rations
 g - 4 meat rations
 j - 3 fruits
 G - 4 chunks of flesh


   Skills:
 + Level 4.0 Fighting
 + Level 2.5 Long Blades
 + Level 2.2 Armour
 + Level 1.7 Dodging
 + Level 3.7 Invocations


You had 3 spell levels left.
You didn't know any spells.

Dungeon Overview and Level Annotations

Branches:
Dungeon (4/15)
 Temple: D:4-7

Altars:
Elyvilon
Trog


Innate Abilities, Weirdness & Mutations

You have a pair of small horns on your head.
You are immune to rotting.


Message History

The hound is almost dead.
The hound bites you but does no damage.
The orc priest invokes the aid of Beogh against you.
Something smites you!
* * * LOW HITPOINT WARNING * * *
The hound closely misses you.
The orc priest looks braver.
You take 12 damage.
Read which item? (? for menu, Esc to quit)
Okay, then.
Drink which item? (? for menu, Esc to quit)
Okay, then.
Use which ability? (? or * to list) Space bends around you!
You blink.
* * * LOW HITPOINT WARNING * * *
You feel slightly more hungry.
You take 2 damage.
The orc priest invokes the aid of Beogh against you.
Something smites you!
You die...

##≈...≈#§##♣.......♣....#
#⌠≈...≈#§###...........##
##≈._..'..#♣.......♣....#
#⌠≈...≈#≈............##..
##§...≈#§##♣..^....♣####.
#≈≈≈§≈#≈...........# #.
##⌠#⌠##≈..♣.♣.♣.♣.♣####.
#####≈≈......#......##.
#..@......##<.##....
#....♣.♣..###.#)###.
#..h.>.....##....#..
#....♣o♣.......)....
#####..#.##.###.....
##o♣o♣.##..##.....
#.h.h.##)...#.....
#..♣.♣##....#....#
#....#......#..#..


You could see a hound, an orc priest, an orc and a jackal.

Vanquished Creatures
  4 adders
  3 gnolls (D:2)
  An ooze (D:2)
  A worm (D:2)
  2 orcs (D:3)
  A giant cockroach (D:1)
  11 goblins
  4 hobgoblins
  3 bats
  4 giant geckos
  7 giant newts
  11 kobolds
  6 rats
58 creatures vanquished.

Notes
Turn   | Place    | Note
--------------------------------------------------------------
     0 | Abyss:1  | xeno23, the Demonspawn Abyssal Knight, began the quest for the Orb.
     0 | Abyss:1  | Reached XP level 1. HP: 18/18 MP: 2/2
    51 | Abyss:1  | Noticed a small abomination
    65 | Abyss:1  | Noticed a large abomination
    67 | Abyss:1  | Noticed a smoke demon
    92 | Abyss:1  | Noticed a quasit
    97 | Abyss:1  | Noticed a small abomination
   101 | D:1      | Escaped the Abyss
   151 | D:1      | Acquired Lugonu's first power
   174 | D:1      | Gained mutation: You have a pair of small horns on your head. [demonic ancestry]
   174 | D:1      | Reached XP level 2. HP: 18/24 MP: 3/3
   265 | D:1      | Reached skill level 1 in Dodging
   616 | D:2      | Gained mutation: You are immune to rotting. [demonic ancestry]
   616 | D:2      | Reached XP level 3. HP: 19/29 MP: 5/5
   957 | D:2      | HP: 1/29 [adder (1)]
  1411 | D:2      | Found a white marble altar of Elyvilon.
  1473 | D:2      | Reached XP level 4. HP: 28/37 MP: 6/6
  2231 | D:3      | Found a bloodstained altar of Trog.
  2354 | D:3      | Acquired Lugonu's second power
  2931 | D:3      | Reached skill level 4 in Fighting
  3091 | D:3      | Killed from afar by an orc priest

Action                   |  1- 3 |  4- 6 || total
-------------------------+-------+-------++-------
Melee: Falchion          |   121 |    77 ||   198
Throw: Stone             |     2 |     5 ||     7
Invok: Depart the Abyss  |     1 |       ||     1
       Bend Space        |       |     2 ||     2
  Use: Potion            |     2 |       ||     2
  Eat: Chunk             |     2 |     5 ||     7
